 Dungeon Crawl Stone Soup version 0.15.2 (webtiles) character file.

9456 Huymann the Basher (level 11, -11/165 (177) HPs)
             Began as an Ogre Berserker on Feb 11, 2015.
             Was the Champion of Trog.
             Mangled by a yak (13 damage)
             ... on Level 10 of the Dungeon on Feb 12, 2015.
             The game lasted 01:34:18 (13772 turns).

Huymann the Basher (Ogre Berserker)                Turns: 13772, Time: 01:34:19

HP -11/165 (177) AC  7     Str 29      XL: 11   Next: 46%
MP  12/12        EV 15     Int  6      God: Trog [******]
Gold 335         SH  0     Dex 15      Spells:  0 memorised, 10 levels left

rFire  . . .     SeeInvis .     H - +7 giant spiked club of the Grave {crush, Dex+3}
rCold  . . .     Clarity  .     b - +1 animal skin
rNeg   + . .     rCorr    .     (shield restricted)
rPois  +         rRot     .     (helmet restricted)
rElec  .         Spirit   .     i - +2 cloak
SustAb +         Warding  +     (gloves unavailable)
rMut   .         Stasis   .     (boots unavailable)
Gourm  .                        D - amulet of warding
MR     +....                    g - ring of poison resistance
                                F - ring of the Ten Cities {SustAb +Blink}

@: berserking, very quick, somewhat resistant to hostile enchantments, extremely
unstealthy
A: unfitting armour, tough skin 1
a: Burn Spellbooks, Berserk, Trog's Hand, Brothers in Arms, Renounce Religion,
Evoke Blink


You were on level 10 of the Dungeon.
You worshipped Trog.
Trog was exalted by your worship.
You were hungry.

You visited 1 branch of the dungeon, and saw 10 of its levels.
You also visited: Sewer.

You collected 595 gold pieces.
You spent 260 gold pieces at shops.

Inventory:

Hand weapons
 a - a +3 mace of freezing
 k - a +6 vampiric halberd
 z - the +6 giant club of the Median {crush, rF+ Stlth--}
   (Trog gifted it to you on level 9 of the Dungeon)

   It inflicts extra damage upon your enemies.
   It protects you from fire.
   It makes you much less stealthy.
 B - a +0 blowgun
 H - the +7 giant spiked club of the Grave (weapon) {crush, Dex+3}
   (Trog gifted it to you on level 6 of the Dungeon)

   It inflicts extra damage upon your enemies.
   It affects your dexterity (+3).
 K - a +7 spear of piercing
 Q - a +5 greatsling of flaming
Missiles
 d - 11 tomahawks (quivered)
 h - 85 poisoned needles
 r - 3 silver tomahawks
 y - 55 sling bullets
 C - 6 javelins
 G - 8 needles of sleeping
Armour
 b - a +1 animal skin (worn)
 i - a +2 cloak (worn)
Magical devices
 l - a wand of paralysis (24)
 p - a wand of cold (5)
 s - a wand of lightning (4)
 x - a wand of enslavement (11)
 N - a wand of fire (8)
 O - a wand of lightning (5)
 S - a wand of hasting (9)
 U - a wand of flame (8)
 V - a wand of slowing (9)
 W - a wand of lightning (4)
Comestibles
 c - 5 meat rations
 j - 2 beef jerkies
 o - 3 bread rations
 t - a chunk of rat flesh
 u - 8 slices of pizza
 T - 15 fruits
Scrolls
 m - 4 scrolls of remove curse
 q - 4 scrolls of fog
 w - a scroll of blinking
 I - a scroll of fear
 M - 5 scrolls of teleportation
 P - 2 scrolls of magic mapping
 Y - a scroll of enchant armour
Jewellery
 g - a ring of poison resistance (right hand)
 D - an amulet of warding (around neck)
 F - the ring of the Ten Cities (left hand) {SustAb +Blink}
   (You found it on level 4 of the Dungeon)

   [ring of sustain abilities]

   It sustains your strength, intelligence and dexterity.
   It lets you blink.
Potions
 e - 4 potions of curing
 f - a potion of cancellation
 n - a potion of invisibility
 v - 5 potions of heal wounds
 A - 4 potions of might
 E - 2 potions of magic
 L - 2 potions of flight
 Z - a potion of brilliance
Books
 J - a book of Wizardry

   Spells                             Type                      Level
   Agony                              Necromancy                   5
   Force Lance                        Conjuration                  5
   Dispersal                          Translocation                6
   Haste                              Charms                       6
   Invisibility                       Hexes                        6
   Spellforged Servitor               Conjuration/Summoning        7
   Trog disapproves of the use of such an item.
 R - a book of Unlife

   Spells                             Type                      Level
   Recall                             Summoning/Translocation      3
   Animate Dead                       Necromancy                   4
   Control Undead                     Necromancy                   4
   Twisted Resurrection               Necromancy                   5
   Death Channel                      Necromancy                   6
   Simulacrum                         Ice/Necromancy               6
   Trog disapproves of the use of such an item.
Miscellaneous
 X - a plain deck of changes


   Skills:
 + Level 10.2 Fighting
 + Level 11.2 Maces & Flails
 * Level 4.5 Polearms
 + Level 4.7 Throwing
 + Level 9.5 Dodging
 * Level 6.7 Stealth
 + Level 0.6 Evocations


You had 10 spell levels left.
You didn't know any spells.

Dungeon Overview and Level Annotations

Branches:
Dungeon (10/15)            Temple (0/1) D:7            Lair (0/8) D:9
    Orc: D:9-12

Altars:
Ashenzari
Elyvilon
Fedhas
Kikubaaqudgha
Nemelex Xobeh
Qazlal
Sif Muna
Vehumet
Xom
Yredelemnul
Zin

Shops:
D:5 =


Innate Abilities, Weirdness & Mutations

You are too large for most types of armour.
You have tough skin (AC +1).


Message History

The yak is severely wounded.
The yak gores you!
* * * LOW HITPOINT WARNING * * *
The yak closely misses you. The yak barely misses you.
You hit the yak.
The yak is almost dead.
The yak gores you!
* * * LOW HITPOINT WARNING * * *
The yak gores you!
* * * LOW HITPOINT WARNING * * *
You puncture the yak!
The yak is moderately wounded.
The yak barely misses you. The yak gores you but does no damage.
The yak closely misses you. The yak gores you but does no damage.
You impale the yak!!
The yak is almost dead.
The yak barely misses you. The yak gores you!
* * * LOW HITPOINT WARNING * * *
The yak gores you!
You die...

# . ... #. .... #..
#..... .
.##.$####...... .#
................ .#
...... #YYY....... .##
.#....###@Y.......
..### #.
#....#..####....
........ ##.....##
........##......##
............###..#
.....# #..# ##.##
.##... #.# #..# ##
#..##.########.#####.#
#
#...#................#


You could see 4 yaks.

Vanquished Creatures
  A hydra (D:9)
  2 death yaks (D:9)
  The ghost of SaintRoka the Covert, an experienced DECj of Cheibriados (D:9)
  The ghost of Huymann the Ducker, an experienced DrCj of Okawaru (D:6)
  A troll (D:9)
  The ghost of elenap21 the Changer, an average DsTm (D:3)
  A hippogriff (D:8)
  5 yaks
  A deep elf mage (D:9)
  Edmund (D:9)
  A water moccasin (D:8)
  A necrophage (D:4)
  A black bear (D:9)
  2 ice beasts
  An orc warrior (D:6)
  A phantom (D:9)
  7 ogres
  2 centaurs (D:6)
  A crocodile (D:9)
  8 big kobolds
  7 giant frogs
  A scorpion (D:10)
  An eye of draining (D:9)
  5 killer bees (D:8)
  3 vampire bats (D:7)
  10 wights
  4 electric eels (D:6)
  2 centaur zombies (D:6)
  2 hounds
  A goliath beetle (D:6)
  5 jellies
  2 crimson imps
  A giant frog skeleton (D:4)
  A quasit (D:9)
  6 orc priests
  7 orc wizards
  2 iguanas
  9 worker ants
  3 sheep (D:9)
  A hound skeleton (D:8)
  Natasha (D:6)
  17 adders
  15 gnolls
  5 green rats (Sewer)
  2 orc skeletons
  3 shadow imps
  4 worms
  45 orcs
  3 bat skeletons (D:7)
  2 bat zombies (D:7)
  44 goblins
  30 hobgoblins
  6 jackals
  40 kobolds
  5 oozes
  11 ball pythons
  13 bats
  9 giant cockroaches
  5 giant geckos
  11 giant newts
  A giant spore (D:6)
  A goblin skeleton (D:5)
  A kobold skeleton (D:4)
  8 quokkas
  35 rats
  A rat skeleton (D:10)
  3 ballistomycetes (D:6)
434 creatures vanquished.

Vanquished Creatures (others)
  A wight (D:6)
  Natasha (D:6)
  A goblin (D:6)
  A giant newt (D:6)
4 creatures vanquished.

Grand Total: 438 creatures vanquished

Notes
Turn   | Place    | Note
--------------------------------------------------------------
     0 | D:1      | Huymann, the Ogre Berserker, began the quest for the Orb.
     0 | D:1      | Reached XP level 1. HP: 24/24 MP: 1/1
   364 | D:1      | Reached XP level 2. HP: 29/32 MP: 2/2
   366 | D:1      | Reached skill level 1 in Stealth
   549 | D:1      | Acquired Trog's second power
   742 | D:1      | Reached XP level 3. HP: 39/39 MP: 3/3
  1065 | D:2      | Reached XP level 4. HP: 35/48 MP: 4/4
  1607 | D:2      | Found a shimmering altar of Xom.
  2007 | D:3      | Reached XP level 5. HP: 55/55 MP: 5/5
  2044 | D:3      | Found a shattered altar of Ashenzari.
  2044 | D:3      | Found a basalt altar of Yredelemnul.
  2063 | D:3      | Noticed elenap21's ghost (average DsTm)
  2076 | D:3      | Killed elenap21's ghost
  2076 | D:3      | Reached skill level 5 in Fighting
  2076 | D:3      | Reached skill level 5 in Maces & Flails
  2076 | D:3      | Reached XP level 6. HP: 64/66 MP: 6/6
  2155 | D:3      | Reached skill level 5 in Dodging
  2284 | D:3      | Found a radiant altar of Vehumet.
  2682 | D:4      | Reached XP level 7. HP: 53/72 MP: 7/7
  2871 | D:3      | HP: 1/72 [orc priest/divine providence (15)]
  2880 | D:3      | Reached skill level 6 in Maces & Flails
  3446 | D:4      | Acquired Trog's third power
  3799 | D:4      | Reached XP level 8. HP: 62/75 MP: 8/8
  4523 | D:4      | Reached skill level 1 in Throwing
  4529 | D:4      | Got a transparent iron ring
  4530 | D:4      | Identified the ring of the Ten Cities {SustAb +Blink} (You found it on level 4 of the Dungeon)
  4620 | D:4      | Reached skill level 7 in Maces & Flails
  4695 | D:5      | Entered Level 5 of the Dungeon
  4906 | D:5      | Found a glowing drain.
  5037 | D:5      | Received a gift from Trog
  5057 | Sewer    | Entered a sewer
  5648 | Sewer    | Received a gift from Trog
  5655 | Sewer    | Reached XP level 9. HP: 65/85 MP: 9/9
  5663 | Sewer    | Reached skill level 8 in Maces & Flails
  5983 | D:5      | Found Wiva's Jewellery Shoppe.
  6355 | D:5      | Found a glowing silver altar of Zin.
  6423 | D:6      | Noticed Huymann's ghost (experienced DrCj)
  6445 | D:6      | Killed Huymann's ghost
  6681 | D:6      | Reached skill level 5 in Stealth
  6763 | D:6      | Found a stormy altar of Qazlal.
  7139 | D:6      | Noticed Natasha
  7142 | D:6      | Killed Natasha
  7796 | D:6      | Noticed Natasha
  7802 | D:6      | Killed Natasha
  8054 | D:6      | Reached skill level 9 in Maces & Flails
  8454 | D:6      | Received a gift from Trog
  8457 | D:6      | Got a brightly glowing giant spiked club {god gift}
  8458 | D:6      | Identified the +7 giant spiked club of the Grave {crush, Dex+3} (Trog gifted it to you on level 6 of the Dungeon)
  8849 | D:6      | Reached XP level 10. HP: 89/98 MP: 10/10
  8904 | D:6      | Found a sparkling altar of Nemelex Xobeh.
  9445 | D:5      | Bought an uncursed ring of poison resistance for 260 gold pieces
  9624 | D:7      | Found a staircase to the Ecumenical Temple.
 10056 | D:7      | Found an ancient bone altar of Kikubaaqudgha.
 10060 | D:7      | Reached skill level 1 in Polearms
 10502 | D:8      | Received a gift from Trog
 10594 | D:8      | Found a blossoming altar of Fedhas.
 11397 | D:8      | Found a deep blue altar of Sif Muna.
 11553 | D:9      | Found a white marble altar of Elyvilon.
 11630 | D:9      | Found a staircase to the Lair.
 11630 | D:9      | Noticed a death yak
 11655 | D:9      | Noticed a death yak
 11667 | D:9      | Killed a death yak
 11667 | D:9      | Reached skill level 10 in Maces & Flails
 11672 | D:9      | Killed a death yak
 11941 | D:9      | Found a sparkling altar of Nemelex Xobeh.
 11948 | D:9      | Noticed SaintRoka's ghost (experienced DECj)
 11963 | D:9      | Killed SaintRoka's ghost
 11963 | D:9      | Reached XP level 11. HP: 105/109 MP: 10/12
 12461 | D:9      | Noticed a two-headed hydra
 12597 | D:9      | Killed a two-headed hydra
 12597 | D:9      | Reached skill level 10 in Fighting
 12663 | D:9      | Noticed Edmund
 12682 | D:9      | Killed Edmund
 12839 | D:9      | Received a gift from Trog
 12862 | D:9      | Got a smoking giant club {god gift}
 12863 | D:9      | Identified the +6 giant club of the Median {crush, rF+ Stlth--} (Trog gifted it to you on level 9 of the Dungeon)
 12951 | D:9      | Reached skill level 11 in Maces & Flails
 13477 | D:10     | Entered Level 10 of the Dungeon
 13772 | D:10     | HP: 2/165 [yak (17)]
 13772 | D:10     | Mangled by a yak

Action                   |  1- 3 |  4- 6 |  7- 9 | 10-12 || total
-------------------------+-------+-------+-------+-------++-------
Melee: Mace              |   103 |   131 |   195 |       ||   429
       Giant club        |       |       |    21 |       ||    21
       Giant spiked club |       |       |   383 |   236 ||   619
 Fire: Blowgun           |       |       |    10 |    26 ||    36
Throw: Tomahawk          |       |       |    16 |    26 ||    42
Invok: Berserk           |     2 |     6 |    10 |     5 ||    23
       Trog's Hand       |       |     1 |     3 |     1 ||     5
Evoke: Wand              |       |       |     4 |     8 ||    12
  Use: Scroll            |     2 |     5 |     4 |    21 ||    32
       Potion            |       |       |     3 |     3 ||     6
 Stab: Sleeping          |       |       |     1 |     3 ||     4
       Distracted        |       |       |       |     1 ||     1
  Eat: Chunk             |     3 |    10 |    26 |    20 ||    59
       Royal jelly       |       |       |     1 |       ||     1
       Fruit             |       |       |     3 |       ||     3
       Beef jerky        |       |       |     1 |       ||     1
